 Dungeon Crawl Stone Soup version 0.17-a0-2208-ge5ab1d3 (webtiles) character file.

4823 Duffy the Cleaver (level 10, -1/88 HPs)
             Began as a Minotaur Fighter on Oct 26, 2015.
             Was an Elder of Cheibriados.
             Slain by Rayvis's ghost (13 damage)
             ... on level 8 of the Dungeon.
             The game lasted 00:08:36 (7046 turns).

Duffy the Cleaver (Minotaur Fighter)                Turns: 7046, Time: 00:08:36

Health: -1/88      AC: 14    Str: 33    XL:     10   Next: 25%
Magic:  0/9        EV: 15    Int: 14    God:    Cheibriados [****..]
Gold:   22         SH:  0    Dex: 19    Spells: 0 memorised, 9 levels left

rFire  . . .     SeeInvis .     b - +2 battleaxe (freeze)
rCold  . . .     Clarity  .     F - +0 plate armour
rNeg   . . .     SustAt   .     (no shield)
rPois  .         Gourm    .     (helmet restricted)
rElec  .         Spirit   +     (no cloak)
rCorr  .         Warding  .     L - +0 pair of gloves
rMut   .         Stasis   .     (no boots)
MR     +....                    y - amulet of guardian spirit
Stlth  ..........               u - ring of protection from magic
                                m - +2 ring of evasion

@: very slow, somewhat resistant to hostile enchantments, extremely unstealthy
A: retaliatory headbutt, horns 2
a: Bend Time, Temporal Distortion, Slouch, Renounce Religion


You were on level 8 of the Dungeon.
You worshipped Cheibriados.
Cheibriados was greatly pleased with you.
You were not hungry.

You visited 1 branch of the dungeon, and saw 8 of its levels.
You also visited: Ossuary.

You collected 449 gold pieces.
You spent 427 gold pieces at shops.


Innate Abilities, Weirdness & Mutations

You reflexively headbutt those who attack you in melee.
You have a pair of horns on your head.


   Skills:
 + Level 8.0 Fighting
 * Level 13.0 Axes
 + Level 7.7 Armour
 + Level 6.6 Dodging
   Level 3.6 Shields


You had 9 spell levels left.
You didn't know any spells.

Inventory:

Hand Weapons
 b - a +2 battleaxe of freezing (weapon)
 E - a +4 dire flail of protection
Armour
 F - a +0 plate armour (worn)
 L - a +0 pair of gloves (worn)
Jewellery
 m - a +2 ring of evasion (left hand)
 r - an uncursed ring of protection from cold
 u - a ring of protection from magic (right hand)
 y - an amulet of guardian spirit (around neck)
Wands
 x - a wand of disintegration (3)
 C - a wand of fireball (7)
 H - a wand of fire (2)
Scrolls
 c - 3 scrolls of teleportation
 g - 2 scrolls of recharging
 h - 11 scrolls of identify
 i - 2 scrolls of magic mapping
 j - 7 scrolls of remove curse
 n - a scroll of fear {unknown}
 o - 2 scrolls of fog {unknown}
 s - a scroll of immolation {unknown}
 v - a scroll of amnesia {unknown}
 B - 3 scrolls of enchant armour
 D - 2 scrolls of torment {unknown}
 K - a scroll of summoning {unknown}
 M - a scroll of random uselessness {unknown}
 P - a scroll of holy word {unknown}
Potions
 a - a potion of lignification {unknown}
 d - a potion of might
 f - a potion of degeneration {unknown}
 l - 4 potions of cure mutation {unknown}
 p - 5 potions of heal wounds {unknown}
 q - 2 potions of brilliance {unknown}
 t - 3 potions of cancellation {unknown}
 w - 6 potions of curing {unknown}
 z - a potion of berserk rage {unknown}
 A - a potion of resistance {unknown}
 I - a potion of experience {unknown}
 N - 2 potions of mutation {unknown}
 O - a potion of magic {unknown}
Comestibles
 e - a bread ration
 k - a royal jelly
 G - 2 meat rations
 J - a beef jerky

Dungeon Overview and Level Annotations

Branches:
Dungeon (8/15)             Temple (0/1) D:7
   Lair: D:8-11

Altars:
Cheibriados
Dithmenos
Elyvilon
Gozag
Sif Muna
Trog
Zin
The Shining One

Shops:
D:6 ?

Annotations:
D:8 Rayvis's ghost, novice DsFi


Message History

The hill giant hits you with a giant spiked club!!
A giant cockroach comes into view.
You slice the hill giant!! You freeze the hill giant!
Your headbutt misses the hill giant.
The hill giant is severely wounded.
You slash Rayvis's ghost! You freeze Rayvis's ghost.
Rayvis's ghost is heavily damaged.
Rayvis's ghost hits you.
The hill giant hits you with a giant spiked club!!
You are too injured to fight recklessly!
You are too injured to fight recklessly!
You are too injured to fight recklessly!
You are too injured to fight recklessly!
You are too injured to fight recklessly!
You are too injured to fight recklessly!
You are too injured to fight recklessly!
You are too injured to fight recklessly!
You are too injured to fight recklessly!
You are too injured to fight recklessly!
You are too injured to fight recklessly!
You are too injured to fight recklessly!
You are too injured to fight recklessly!
You are too injured to fight recklessly!
You are too injured to fight recklessly!
You are too injured to fight recklessly!
You are too injured to fight recklessly!
You are too injured to fight recklessly!
You are too injured to fight recklessly!
You are too injured to fight recklessly!
You hit Rayvis's ghost. You freeze Rayvis's ghost.
Rayvis's ghost is severely damaged.
You slash the hill giant! You freeze the hill giant.
The hill giant is almost dead.
Rayvis's ghost hits you! x2
You die...

...###.....##.#.#
...
#...#..........##
#...
#......##.#...#
###
###...###.#.#.#
#....## #.#.#..#
#.#.<.###...##.#
...#...##...?# .#
..? #.....รท...#
.. #[ #...)....@#
.# ...........CW#
..............#
..#..........s#
..............#
.###.........>..
##.....>......
...$.........


You could see a hill giant, Rayvis's ghost and a giant cockroach.

Action                   |  1- 3 |  4- 6 |  7- 9 | 10-12 || total
-------------------------+-------+-------+-------+-------++-------
Melee: War axe           |    75 |    13 |       |       ||    88
       Battleaxe         |       |    90 |   189 |    59 ||   338
  Use: Scroll            |       |       |     1 |       ||     1
  Eat: Chunk             |       |     6 |     8 |       ||    14
       Bread ration      |       |       |     1 |     1 ||     2

Notes
Turn   | Place    | Note
--------------------------------------------------------------
     0 | D:1      | Duffy the Minotaur Fighter began the quest for the Orb.
     0 | D:1      | Reached XP level 1. HP: 19/19 MP: 0/0
    66 | D:1      | Reached skill level 3 in Axes
   167 | D:1      | Reached XP level 2. HP: 26/26 MP: 1/1
   575 | D:1      | Reached skill level 4 in Axes
   908 | D:2      | Reached XP level 3. HP: 25/31 MP: 2/2
  1054 | D:2      | Noticed Ijyb
  1077 | D:2      | Killed Ijyb
  1077 | D:2      | Reached skill level 5 in Axes
  1077 | D:2      | Reached XP level 4. HP: 22/39 MP: 3/3
  1861 | D:3      | Reached skill level 6 in Axes
  1948 | D:3      | Reached XP level 5. HP: 45/45 MP: 4/4
  1964 | D:3      | Noticed Natasha
  1973 | D:3      | Killed Natasha
  1985 | D:3      | Noticed Natasha
  1989 | D:3      | Killed Natasha
  2034 | D:3      | Reached skill level 7 in Axes
  2085 | D:3      | Noticed Uberwunderbarhen's ghost (amateur OpTm)
  2090 | D:3      | Killed Uberwunderbarhen's ghost
  2090 | D:3      | Reached XP level 6. HP: 41/51 MP: 5/5
  2317 | D:3      | Noticed Natasha
  2319 | D:3      | Killed Natasha
  2406 | D:3      | Noticed Jessica
  2411 | D:3      | Killed Jessica
  2527 | D:4      | Noticed Sigmund
  2532 | D:4      | Killed Sigmund
  2532 | D:4      | Reached skill level 9 in Axes
  2732 | D:4      | Found a bloodstained altar of Trog.
  2775 | D:4      | Noticed Eustachio
  2794 | D:4      | Reached skill level 1 in Dodging
  2794 | D:4      | Reached XP level 7. HP: 25/58 MP: 6/6
  2794 | D:4      | Killed Eustachio
  2794 | D:4      | Reached skill level 4 in Fighting
  2794 | D:4      | Reached skill level 4 in Armour
  3017 | D:4      | Found a deep blue altar of Sif Muna.
  3058 | D:4      | Reached skill level 2 in Dodging
  3115 | D:4      | Found a snail-covered altar of Cheibriados.
  3147 | D:4      | Became a worshipper of Cheibriados the Contemplative
  3528 | D:5      | Entered Level 5 of the Dungeon
  3601 | D:5      | Reached XP level 8. HP: 64/67 MP: 7/7
  3719 | D:5      | Reached skill level 10 in Axes
  3722 | D:5      | Noticed Edmund
  3727 | D:5      | Reached skill level 5 in Fighting
  3728 | D:5      | Killed Edmund
  3872 | D:5      | Reached skill level 3 in Dodging
  3895 | D:5      | Reached skill level 5 in Armour
  4059 | D:5      | Found a glowing golden altar of the Shining One.
  4060 | D:5      | Found a glowing silver altar of Zin.
  4067 | D:5      | Reached * piety under Cheibriados
  4073 | D:5      | Found a white marble altar of Elyvilon.
  4178 | D:5      | Found an opulent altar of Gozag.
  4590 | D:5      | Reached skill level 4 in Dodging
  4712 | D:6      | Reached skill level 11 in Axes
  4733 | D:6      | Reached skill level 6 in Fighting
  4813 | D:6      | Found Eceimoe's Magic Scroll Boutique.
  4821 | D:6      | Reached XP level 9. HP: 75/75 MP: 8/8
  4825 | D:6      | Bought a scroll of teleportation for 42 gold pieces
  4825 | D:6      | Bought a scroll of identify for 28 gold pieces
  4825 | D:6      | Bought a scroll of magic mapping for 49 gold pieces
  4825 | D:6      | Bought a scroll of enchant armour for 105 gold pieces
  4825 | D:6      | Bought a scroll of remove curse for 42 gold pieces
  4825 | D:6      | Bought a scroll of identify for 28 gold pieces
  5184 | D:6      | Reached ** piety under Cheibriados
  5184 | D:6      | Reached skill level 6 in Armour
  5672 | D:6      | Reached skill level 5 in Dodging
  5999 | D:7      | Found a sand-covered staircase.
  6010 | Ossuary  | Entered an ossuary
  6060 | Ossuary  | Reached skill level 7 in Fighting
  6136 | Ossuary  | Reached skill level 12 in Axes
  6202 | D:7      | Reached skill level 7 in Armour
  6231 | D:7      | Found a shadowy altar of Dithmenos.
  6323 | D:7      | Reached skill level 6 in Dodging
  6346 | D:7      | Reached *** piety under Cheibriados
  6386 | D:7      | Reached XP level 10. HP: 88/88 MP: 9/9
  6612 | D:7      | Found a staircase to the Ecumenical Temple.
  6934 | D:6      | Bought a scroll of recharging for 133 gold pieces
  6958 | D:6      | Reached **** piety under Cheibriados
  6997 | D:8      | Reached skill level 13 in Axes
  6998 | D:8      | Reached skill level 8 in Fighting
  7036 | D:8      | Noticed Rayvis's ghost (novice DsFi)
  7040 | D:8      | Noticed a hill giant
  7046 | D:8      | Slain by Rayvis's ghost

Vault maps used:
D:1:      dpeg_arrival_round_b
D:2:      uniq_iyjb
D:3:      first_bread, uniq_natasha, uniq_jessica
D:4:      nicolae_overflow_crystal_walls, lightli_temple_of_fire,
          lemuel_blue_sif_altar, uniq_eustachio, uniq_sigmund
D:5:      good_gods_temple_1, lemuel_round_altar, uniq_edmund
D:6:      kennysheep_diamond, st_stairs_10
D:7:      nicolae_dithmenos_shadow_blocks,
          minmay_temple_entry_statues_fountains, nicolae_ossuary_entry_monument,
          serial_glass, glass_columns_a, glass_columns_a,
          kennysheep_nondescript, hangedman_decor_clover_reticule
D:8:      kennysheep_little_box, overflow_temple_1_default,
          nemelex_xobeh_ov_fountains_minmay
Ossuary:  ossuary_minmay_four_chambers

Vanquished Creatures
  Sigmund Eustachio
  3 hungry ghosts Edmund
  2 water moccasins
  3 sky beasts
  A black bear
  4 orc warriors
  2 phantoms
  A wasp
  6 ogres
  2 ice beasts
  A centaur
  A big kobold
  The ghost of Uberwunderbarhen the Insei, an amateur OpTm
  3 elf zombies
  4 giant frogs
  2 scorpions
  A wight
  A crimson imp
  A jelly
  An orc wizard
  6 centaur zombies
  A centaur skeleton
  2 orc priests
  4 human zombies Ijyb
  5 hounds Jessica
  2 iguanas
  Natasha (thrice)
  7 worker ants
  3 mummies
  A hound skeleton
  7 gnolls
  11 adders
  A shadow imp
  5 worms
  An adder zombie
  2 giant geckos
  25 orcs
  2 ball pythons
  4 bats
  5 giant cockroaches
  8 hobgoblins
  8 jackals
  15 kobolds
  3 giant gecko skeletons
  3 giant newts
  9 goblins
  2 jackal skeletons
  4 quokkas
  A quokka skeleton
  A quokka zombie
  10 rats
206 creatures vanquished.
